TOP OF THE 1ST |
Orlando Calrissian batting - Pitching for Niagara Falls Frenzy : RHP George Nelson
|
Pitching: RHP George Nelson
|
|
Batting: LHB Danny Allen
|
0-0: Ball 1-0: Ball 2-0: Ball 3-0: Called Strike 3-1: Swinging Strike 3-2: SINGLE (Groundball, 34) (infield hit)
|
Batting: RHB Frederico Hernández
|
0-0: DOUBLE (Groundball, 5L) Danny Allen to third Runner from 3rd tries for Home, SAFE, no throw or cutoff
|
Batting: LHB Santiago Márquez
|
0-0: SINGLE (Groundball, 6MD) Frederico Hernández to third Runner from 3rd tries for Home, SAFE, throw made home
|
Batting: LHB Juan Jose Pineda
|
0-0: Ball 1-0: Fly out, F5 (Popup, 13)
|
Batting: LHB Juan Colón
|
0-0: Foul Ball, location: 2F 0-1: Ball 1-1: Swinging Strike 1-2: Strikes out swinging
|
Batting: RHB Yasuoka Tanaka
|
0-0: Called Strike 0-1: Ground out 6-3 (Groundball, 6)
|
Top of the 1st over - 2 run(s), 3 hit(s), 0 error(s), 1 left on base; Orlando 2 - Niagara Falls 0 |
BOTTOM OF THE 1ST |
Niagara Falls Frenzy batting - Pitching for Orlando Calrissian : LHP Arturo Sánchez
|
Pitching: LHP Arturo Sánchez
|
|
Batting: RHB Keitaro Suzuki
|
0-0: Called Strike 0-1: Ground out 6-3 (Groundball, 6)
|
Batting: LHB Dante Owens
|
0-0: Fly out, F2 (Popup, 25F)
|
Batting: SHB Martín De Jesús
|
0-0: Fly out, F9 (Line Drive, 89S)
|
Bottom of the 1st over - 0 run(s), 0 hit(s), 0 error(s), 0 left on base; Orlando 2 - Niagara Falls 0 |
TOP OF THE 2ND |
Orlando Calrissian batting - Pitching for Niagara Falls Frenzy : RHP George Nelson
|
Batting: RHB Steve Brown
|
0-0: Called Strike 0-1: Swinging Strike 0-2: Strikes out looking
|
Batting: RHB Enrique Bermúdez
|
0-0: Foul Ball, location: 2F 0-1: Called Strike 0-2: Ball 1-2: Ball 2-2: Foul Ball, location: 2F 2-2: Ball 3-2: Strikes out swinging
|
Batting: RHB Naomi Kitamura
|
0-0: Ball 1-0: Ground out 5-3 (Groundball, 56)
|
Top of the 2nd over - 0 run(s), 0 hit(s), 0 error(s), 0 left on base; Orlando 2 - Niagara Falls 0 |
BOTTOM OF THE 2ND |
Niagara Falls Frenzy batting - Pitching for Orlando Calrissian : LHP Arturo Sánchez
|
Batting: RHB Lawrence Schroeder
|
0-0: Foul Ball, location: 2F 0-1: Ball 1-1: Ball 2-1: Foul Ball, location: 2F 2-2: Ground out 1-3 (Groundball, 13S)
|
Batting: RHB Zander Tremblett
|
0-0: Ball 1-0: Foul Ball, location: 2F 1-1: Foul Ball, location: 2F 1-2: Ground out 1-3 (Groundball, 13S)
|
Batting: RHB Ángel Hinojosa
|
0-0: Ball 1-0: Foul Ball, location: 2F 1-1: Ball 2-1: Foul Ball, location: 2F 2-2: Ball 3-2: Strikes out swinging
|
Bottom of the 2nd over - 0 run(s), 0 hit(s), 0 error(s), 0 left on base; Orlando 2 - Niagara Falls 0 |
TOP OF THE 3RD |
Orlando Calrissian batting - Pitching for Niagara Falls Frenzy : RHP George Nelson
|
Batting: LHB Danny Allen
|
0-0: Called Strike 0-1: Ball 1-1: Swinging Strike 1-2: Ball 2-2: Hit by Pitch
|
Batting: RHB Frederico Hernández
|
0-0: Called Strike 0-1: Ball Wild Pitch! Danny Allen to second 1-1: Fly out, F7 (Flyball, 7M)
|
Batting: LHB Santiago Márquez
|
0-0: Swinging Strike 0-1: Ball 1-1: SINGLE (Line Drive, 34) Danny Allen to third
|
Batting: LHB Juan Jose Pineda
|
0-0: Called Strike 0-1: Swinging Strike 0-2: Ball 1-2: Fly out, F7 (Flyball, 78M) Runner from 3rd tags up, SCORES, no throw
|
Batting: LHB Juan Colón
|
0-0: Ball 1-0: Foul Ball, location: 2F 1-1: Foul Ball, location: 2F 1-2: Ball 2-2: Foul Ball, location: 2F 2-2: Ball 3-2: Base on Balls Santiago Márquez to second
|
Batting: RHB Yasuoka Tanaka
|
0-0: Swinging Strike 0-1: Fly out, F6 (Popup, 6M)
|
Top of the 3rd over - 1 run(s), 1 hit(s), 0 error(s), 2 left on base; Orlando 3 - Niagara Falls 0 |
BOTTOM OF THE 3RD |
Niagara Falls Frenzy batting - Pitching for Orlando Calrissian : LHP Arturo Sánchez
|
Batting: LHB Bill Hall
|
0-0: Ball 1-0: Foul Ball, location: 2F 1-1: Foul Ball, location: 2F 1-2: Fly out, F9 (Flyball, 89S)
|
Batting: RHB Luther Stoffels
|
0-0: Ball 1-0: Ball 2-0: SINGLE (Line Drive, 78M)
|
Batting: RHB Jung-ha Kim
|
0-0: Ball 1-0: Grounds into double play, 4-6-3 (Groundball, 34)
|
Bottom of the 3rd over - 0 run(s), 1 hit(s), 0 error(s), 0 left on base; Orlando 3 - Niagara Falls 0 |
TOP OF THE 4TH |
Orlando Calrissian batting - Pitching for Niagara Falls Frenzy : RHP George Nelson
|
Batting: RHB Steve Brown
|
0-0: Swinging Strike 0-1: SINGLE (Groundball, 56D)
|
Batting: RHB Enrique Bermúdez
|
0-0: Called Strike 0-1: Ball 1-1: Ball 2-1: Ball 3-1: Foul Ball, location: 2F 3-2: Base on Balls Steve Brown to second
|
Batting: RHB Naomi Kitamura
|
0-0: Ball 1-0: Ball 2-0: Ground out 5-3 (Groundball, 5S) Steve Brown to third Enrique Bermúdez to second
|
Batting: LHB Danny Allen
|
0-0: Foul Ball, location: 2F 0-1: Ball 1-1: Ground out 4-3 (Groundball, 4) Steve Brown scores Enrique Bermúdez to third
|
Batting: RHB Frederico Hernández
|
0-0: Foul Ball, location: 2F 0-1: Called Strike 0-2: Foul Ball, location: 2F 0-2: Fly out, F9 (Flyball, 9M)
|
Top of the 4th over - 1 run(s), 1 hit(s), 0 error(s), 1 left on base; Orlando 4 - Niagara Falls 0 |
BOTTOM OF THE 4TH |
Niagara Falls Frenzy batting - Pitching for Orlando Calrissian : LHP Arturo Sánchez
|
Batting: RHB Keitaro Suzuki
|
0-0: Called Strike 0-1: Foul Ball, location: 2F 0-2: SINGLE (Groundball, 34D)
|
Batting: LHB Dante Owens
|
0-0: Called Strike 0-1: Grounds into double play, 4-6-3 (Groundball, 4M)
|
Batting: SHB Martín De Jesús
|
0-0: Ball 1-0: Ball 2-0: Swinging Strike 2-1: Ball 3-1: Swinging Strike 3-2: Base on Balls
|
Batting: RHB Lawrence Schroeder
|
0-0: Called Strike 0-1: Ball 1-1: Foul Ball, location: 2F 1-2: Foul Ball, location: 2F 1-2: Fly out, F8 (Flyball, 8LD)
|
Bottom of the 4th over - 0 run(s), 1 hit(s), 0 error(s), 1 left on base; Orlando 4 - Niagara Falls 0 |
TOP OF THE 5TH |
Orlando Calrissian batting - Pitching for Niagara Falls Frenzy : RHP George Nelson
|
Batting: LHB Santiago Márquez
|
0-0: Foul Ball, location: 2F 0-1: Foul Ball, location: 2F 0-2: Strikes out swinging
|
Batting: LHB Juan Jose Pineda
|
0-0: Ball 1-0: Ball 2-0: Foul Ball, location: 2F 2-1: Called Strike 2-2: Ball 3-2: Foul Ball, location: 2F 3-2: Base on Balls
|
Batting: LHB Juan Colón
|
0-0: Ball 1-0: Ball 2-0: Called Strike 2-1: Grounds into double play, 6-4-3 (Groundball, 6)
|
Top of the 5th over - 0 run(s), 0 hit(s), 0 error(s), 0 left on base; Orlando 4 - Niagara Falls 0 |
BOTTOM OF THE 5TH |
Niagara Falls Frenzy batting - Pitching for Orlando Calrissian : LHP Arturo Sánchez
|
Batting: RHB Zander Tremblett
|
0-0: Fly out, F8 (Flyball, 8LS)
|
Batting: RHB Ángel Hinojosa
|
0-0: Called Strike 0-1: Ground out 5-3 (Groundball, 56)
|
Batting: LHB Bill Hall
|
0-0: Ball 1-0: Ball 2-0: Foul Ball, location: 2F 2-1: Ground out 4-3 (Groundball, 34)
|
Bottom of the 5th over - 0 run(s), 0 hit(s), 0 error(s), 0 left on base; Orlando 4 - Niagara Falls 0 |
TOP OF THE 6TH |
Orlando Calrissian batting - Pitching for Niagara Falls Frenzy : RHP George Nelson
|
Pitching: LHP Wilbert Cooper
|
|
Batting: RHB Yasuoka Tanaka
|
0-0: Ball 1-0: Ball 2-0: Ball 3-0: Base on Balls
|
Batting: RHB Steve Brown
|
0-0: Ball 1-0: Ball 2-0: Foul Ball, location: 2F 2-1: Foul Ball, location: 2F 2-2: DOUBLE (Line Drive, 7LM) Yasuoka Tanaka to third
|
Batting: RHB Enrique Bermúdez
|
0-0: Ball 1-0: Swinging Strike 1-1: Called Strike 1-2: Ball 2-2: Fly out, F8 (Line Drive, 8RM) Runner from 3rd tags up, SCORES, throw made
|
Batting: RHB Naomi Kitamura
|
0-0: Foul Ball, location: 2F 0-1: Ball 1-1: Fly out, F4 (Popup, 4)
|
Batting: LHB Danny Allen
|
0-0: Ball 1-0: Swinging Strike 1-1: SINGLE (Groundball, 4MS) Steve Brown to third Runner from 3rd tries for Home, SAFE, no throw or cutoff
|
Batting: RHB Frederico Hernández
|
0-0: Ball 1-0: Ground out 5-3 (Groundball, 5)
|
Top of the 6th over - 2 run(s), 2 hit(s), 0 error(s), 1 left on base; Orlando 6 - Niagara Falls 0 |
BOTTOM OF THE 6TH |
Niagara Falls Frenzy batting - Pitching for Orlando Calrissian : LHP Arturo Sánchez
|
Batting: RHB Luther Stoffels
|
0-0: Ball 1-0: Swinging Strike 1-1: Ground out 6-3 (Groundball, 6)
|
Batting: RHB Jung-ha Kim
|
0-0: Ground out 6-3 (Groundball, 6)
|
Batting: RHB Keitaro Suzuki
|
0-0: Foul Ball, location: 2F 0-1: Ground out 6-3 (Groundball, 6M)
|
Bottom of the 6th over - 0 run(s), 0 hit(s), 0 error(s), 0 left on base; Orlando 6 - Niagara Falls 0 |
TOP OF THE 7TH |
Orlando Calrissian batting - Pitching for Niagara Falls Frenzy : LHP Wilbert Cooper
|
Batting: LHB Santiago Márquez
|
0-0: Ball 1-0: Ground out 5-3 (Groundball, 5S)
|
Batting: LHB Juan Jose Pineda
|
0-0: Swinging Strike 0-1: Foul Ball, location: 2F 0-2: Strikes out looking
|
Batting: LHB Juan Colón
|
0-0: Ball 1-0: Foul Ball, location: 2F 1-1: Ground out U3 (Groundball, 3)
|
Top of the 7th over - 0 run(s), 0 hit(s), 0 error(s), 0 left on base; Orlando 6 - Niagara Falls 0 |
BOTTOM OF THE 7TH |
Niagara Falls Frenzy batting - Pitching for Orlando Calrissian : LHP Arturo Sánchez
|
Batting: LHB Dante Owens
|
0-0: Ball 1-0: Ball 2-0: Called Strike 2-1: Foul Ball, location: 2F 2-2: Ball 3-2: SINGLE (Groundball, 5L) (infield hit)
|
Batting: SHB Martín De Jesús
|
0-0: SINGLE (Line Drive, 4D) Dante Owens to second
|
Batting: RHB Lawrence Schroeder
|
0-0: Ball 1-0: Ball 2-0: Called Strike 2-1: Foul Ball, location: 2F 2-2: Foul Ball, location: 2F 2-2: Ball 3-2: SINGLE (Flyball, 8RS) Dante Owens to third Martín De Jesús to second Runner from 3rd tries for Home, SAFE, no throw or cutoff
|
Batting: RHB Zander Tremblett
|
0-0: Fly out, F8 (Flyball, 8LD) Runner from 2nd tags up, SAFE at 3rd, no throw
|
Batting: RHB Ángel Hinojosa
|
0-0: Called Strike 0-1: Foul Ball, location: 2F 0-2: Foul Ball, location: 2F 0-2: Ball 1-2: Foul Ball, location: 2F 1-2: Ground out 5-3 (Groundball, 15S) Martín De Jesús scores Lawrence Schroeder to second
|
Batting: LHB Bill Hall
|
0-0: Foul Ball, location: 2F 0-1: Swinging Strike 0-2: Ball 1-2: Ball 2-2: Strikes out swinging
|
Bottom of the 7th over - 2 run(s), 3 hit(s), 0 error(s), 1 left on base; Orlando 6 - Niagara Falls 2 |
TOP OF THE 8TH |
Orlando Calrissian batting - Pitching for Niagara Falls Frenzy : LHP Wilbert Cooper
|
Pitching: RHP Nathan Thornton
|
|
Batting: RHB Yasuoka Tanaka
|
0-0: Swinging Strike 0-1: Foul Ball, location: 2F 0-2: Ground out 4-3 (Groundball, 4M)
|
Batting: RHB Steve Brown
|
0-0: Ball 1-0: Ball 2-0: Fly out, F4 (Popup, 34D)
|
Batting: RHB Enrique Bermúdez
|
0-0: Ball 1-0: Ball 2-0: Ball 3-0: Base on Balls
|
Batting: RHB Naomi Kitamura
|
0-0: Called Strike 0-1: Ball 1-1: Foul Ball, location: 2F 1-2: Foul Ball, location: 2F 1-2: Strikes out swinging
|
Top of the 8th over - 0 run(s), 0 hit(s), 0 error(s), 1 left on base; Orlando 6 - Niagara Falls 2 |
BOTTOM OF THE 8TH |
Niagara Falls Frenzy batting - Pitching for Orlando Calrissian : LHP Arturo Sánchez
|
Batting: RHB Luther Stoffels
|
0-0: Ball 1-0: Ground out 5-3 (Groundball, 56)
|
Batting: RHB Jung-ha Kim
|
0-0: Ball 1-0: Foul Ball, location: 2F 1-1: Foul Ball, location: 2F 1-2: Ball 2-2: Ball 3-2: SINGLE (Groundball, 56D)
|
Batting: RHB Keitaro Suzuki
|
0-0: Ball 1-0: Called Strike 1-1: Foul Ball, location: 2F 1-2: Strikes out looking
|
Batting: LHB Dante Owens
|
0-0: Foul Ball, location: 2F 0-1: Ball 1-1: Fielders Choice at 2nd, U6 (Groundball, 6M)
|
Bottom of the 8th over - 0 run(s), 1 hit(s), 0 error(s), 1 left on base; Orlando 6 - Niagara Falls 2 |
TOP OF THE 9TH |
Orlando Calrissian batting - Pitching for Niagara Falls Frenzy : RHP Nathan Thornton
|
Batting: LHB Danny Allen
|
0-0: Called Strike 0-1: Called Strike 0-2: Ball 1-2: DOUBLE (Line Drive, 7LM)
|
Batting: RHB Frederico Hernández
|
0-0: Ball 1-0: Ball Wild Pitch! Danny Allen to third 2-0: Foul Ball, location: 2F 2-1: 2-RUN HOME RUN (Line Drive, 89XD), Distance : 421 ft
|
Batting: LHB Santiago Márquez
|
0-0: Ball 1-0: Foul Ball, location: 2F 1-1: Foul Ball, location: 2F 1-2: Ball 2-2: Foul Ball, location: 2F 2-2: Foul Ball, location: 2F 2-2: Foul Ball, location: 2F 2-2: Strikes out swinging
|
Batting: LHB Juan Jose Pineda
|
0-0: Called Strike 0-1: Ball 1-1: Ball 2-1: Ground out 3-1 (Groundball, 34S)
|
Batting: LHB Juan Colón
|
0-0: Ball 1-0: Foul Ball, location: 2F 1-1: Ball 2-1: Swinging Strike 2-2: Foul Ball, location: 2F 2-2: Ball 3-2: Fly out, F6 (Popup, 5)
|
Top of the 9th over - 2 run(s), 2 hit(s), 0 error(s), 0 left on base; Orlando 8 - Niagara Falls 2 |
BOTTOM OF THE 9TH |
Niagara Falls Frenzy batting - Pitching for Orlando Calrissian : LHP Arturo Sánchez
|
Batting: SHB Martín De Jesús
|
0-0: Called Strike 0-1: Ball 1-1: Ball 2-1: Foul Ball, location: 2F 2-2: Strikes out swinging
|
Batting: RHB Lawrence Schroeder
|
0-0: Foul Ball, location: 2F 0-1: Ball 1-1: Foul Ball, location: 2F 1-2: SINGLE (Groundball, 34D)
|
Batting: RHB Zander Tremblett
|
0-0: Ball 1-0: Ball 2-0: Grounds into double play, 4-6-3 (Groundball, 34)
|
Bottom of the 9th over - 0 run(s), 1 hit(s), 0 error(s), 0 left on base; Orlando 8 - Niagara Falls 2 |
|